[Event "Early-Titled-Tuesday-Blitz-October-03-2023"]
[Site "Chess.com"]
[Date "2023.10.03"]
[Round "1"]
[White "Carolina-moon"]
[Black "hellokostya"]
[Result "0-1"]
[WhiteElo "2121"]
[BlackElo "2539"]
[TimeControl "180+1"]
[EndTime "8:07:05 PDT"]
[Termination "hellokostya won by resignation"]

1. Nf3 Nf6 2. g3 g5 3. Bg2 g4 4.
Nd4 d6 5. d3 e5 6. Nb3 Nc6 7.
c4 Bg7 8. Nc3 h5 9. Bg5 Qd7 10.
Qd2 Nd8 11. d4 Ne6 12. Be3 c6 13. O-O-O Qe7 14. d5 cxd5 15. cxd5 Nc7 16. Kb1 Bf5+ 17. Ka1 O-O 18. h3 b5 19. Bh6 b4 20. Qg5 Bg6 21. Bxg7 Kxg7 22. hxg4 bxc3 23. gxh5 cxb2+ 24. Kxb2 Rh8 25. hxg6 fxg6 26. Be4 Qf7 27. Bc2 a5 28. e4 a4 29.
Nd2 Rab8+ 30. Ka1 Nb5 31. Nf3 Nc3 32. Rde1 Qb7 33. Qc1 Qb4 34. Rxh8 Rxh8 35. Ng5 Ncxd5 36. Ne6+ Kf7 37. Ng5+ Ke7 38. Re3 Nxe3 39. fxe3 Qc3+ 0-1

[Event "Early-Titled-Tuesday-Blitz-October-03-2023"]
[Site "Chess.com"]
[Date "2023.10.03"]
[Round "1"]
[White "Hrant_ChessMood"]
[Black "HajiyevKanan"]
[Result "1-0"]
[WhiteElo "2911"]
[BlackElo "2501"]
[TimeControl "180+1"]
[EndTime "8:07:06 PDT"]
[Termination "Hrant_ChessMood won by resignation"]

1. d4 d5 2. c4 c6 3. Nf3 Nf6 4. g3 a6 5. Bg2 Bf5 6. O-O e6 7. Nc3 Be7 8. Nh4 Bg4 9. h3 Bh5 10. g4 Bg6 11. Nxg6 hxg6 12. Qd3 Nbd7 13. b3 Qc7 14.
Rd1 O-O 15. Bb2 Rfe8 16. Rac1 Qa5 17. a3 Qd8 18. e3 Bd6 19. b4 Qe7 20. c5 Bc7 21. f4 g5 22. fxg5 Ne4 23. Bxe4 dxe4 24. Nxe4 Rad8 25. Qe2 Nf8 26. Rf1 Ng6 27. Rf2 Rd5 28.
Rcf1 Rf8 29. a4 Rxg5 30. Nxg5 Qxg5 31. e4 e5 32. d5 Nf4 33. Qe3 f6 34. d6 Bd8 35. Rxf4 exf4 36. Qxf4 Qxf4 37. Rxf4 Kf7 38. e5 Ke6 39. exf6 gxf6 40. Kg2 Rg8 41. h4 a5 42. bxa5 Kd5 43. Rf5+ Kc4 44. Kf3 Kb3 45. Bxf6 Bxa5 46.
h5 Bc3 47. Bxc3 Kxc3 48. h6 1-0

[Event "Early-Titled-Tuesday-Blitz-October-03-2023"]
[Site "Chess.com"]
[Date "2023.10.03"]
[Round "1"]
[White "Triumphmate"]
[Black "temus_galaktionov"]
[Result "0-1"]
[WhiteElo "2475"]
[BlackElo "2853"]
[TimeControl "180+1"]
[EndTime "8:07:07 PDT"]
[Termination "temus_galaktionov won by resignation"]

1. e4 c6 2. d4 g6 3. Nc3 d6 4. Be3 Bg7 5. Qd2 b5 6. O-O-O Qa5 7. Kb1 Nf6 8. f3 Nbd7 9. Nd5 Qxd2 10. Nxf6+ Bxf6 11. Rxd2 Nb6 12. Bd3 Be6 13. Bf4 Nc4 14. Bxc4 Bxc4 15. b3 Be6 16. e5 dxe5 17. Bxe5 Bxe5 18. dxe5 Rd8 19. Rxd8+ Kxd8 20. Ne2 Kc7 21. Rd1 f6 22. exf6 exf6 23. Kb2 Re8 24. Nc3 Bf5 25. Rd2 h5 26. b4 Re1 27. a4 a6 28. axb5 axb5 29. Ne2 Be6 30. Nd4 Bc4 31. Nb3 h4 32. Nc5 Bd5 33. h3 Kd6 34. Ne4+ Ke5 35. Nc3 Bc4 36. Ne4 Rg1 37. Rd6 f5 38. Rxg6 fxe4 39. fxe4 Kxe4 40. Rg4+ Ke3 41. Kc3 Bd5 42. Rxh4 Rxg2 43. Rh8 Ke4 44. h4 Rg3+ 45. Kb2 Kd4 46. h5 Be4 47. h6 Rg2 48. h7 Rxc2+ 49. Kb3 Rc3+ 50. Kb2 Kc4 51. Rg8 Rb3+ 52.
Ka2 Bb1+ 53. Ka1 Bxh7 54. Rg4+ Kd5 55. Ka2 Rd3 56. Rh4 Be4 57. Rh5+ Kc4 58. Rh4 Re3 59. Rh3 Rxh3 0-1

[Event "Early-Titled-Tuesday-Blitz-October-03-2023"]
[Site "Chess.com"]
[Date "2023.10.03"]
[Round "1"]
[White "the_chess_child"]
[Black "Rap_woyska"]
[Result "1-0"]
[WhiteElo "2852"]
[BlackElo "2473"]
[TimeControl "180+1"]
[EndTime "8:07:07 PDT"]
[Termination "the_chess_child won by resignation"]

1. e4 e6 2. d3 d5 3. Nd2 Nc6 4.
Ngf3 Nf6 5. c3 e5 6. Be2 a5 7.
O-O Bc5 8. b3 O-O 9. Bb2 Re8 10.
a3 Ba7 11. b4 d4 12. cxd4 exd4 13. b5 Ne5 14. Nxe5 Rxe5 15. a4 Bb6 16. f4 Re8 17. Bf3 Be6 18. Rc1 Qe7 19. Nc4 Bc5 20. Kh1 Rad8 21. Nxa5 Bc8 22. Nb3 Bb6 23. a5 Ba7 24. Qc2 Qb4 25. Qc4 Qxc4 26. Rxc4 Be6 27. Rxc7 Bxb3 28. Rxb7 Bc5 29. Rc1 Rc8 30. a6 h5 31. h3 Bb4 32. Rxc8 Rxc8 33. a7 Bd6 34. e5 1-0

[Event "Early-Titled-Tuesday-Blitz-October-03-2023"]
[Site "Chess.com"]
[Date "2023.10.03"]
[Round "1"]
[White "spotbet"]
[Black "Byniolus"]
[Result "1/2-1/2"]
[WhiteElo "2438"]
[BlackElo "2747"]
[TimeControl "180+1"]
[EndTime "8:07:07 PDT"]
[Termination "Game drawn by repetition"]

1. e4 d6 2. d4 Nf6 3. f3 Nbd7 4. Be3 e5 5. Bc4 Be7 6. Ne2 O-O 7. Nbc3 c6 8. a4 exd4 9. Nxd4 d5 10. exd5 Nb6 11. Bb3 Nbxd5 12. Nxd5 Nxd5 13. Bxd5 Qxd5 14. O-O Bf6 15.
c3 b6 16. Nb3 Be6 17. Qxd5 Bxd5 18. Nd2 Rfd8 19. a5 c5 20. axb6 axb6 21. Kf2 Kf8 22. Rfd1 Be6 23. Ne4 Be7 24. Rxd8+ Rxd8 25. Ra6 f5 26.
Ng5 Bg8 27. Rxb6 g6 28. Ne6+ Bxe6 29. Rxe6 Rb8 30. b4 cxb4 31. cxb4 Rxb4 32. Kg3 Rb3 33. Bh6+ Kf7 34. Ra6 Rb7 35. h4 Bf6 36. Bf4 Rd7 37. Rb6 h5 38. Kh3 Bd4 39. Rc6 Bf6 40. Ra6 Be7 41.
Ra8 Bf6 42. Rc8 Be7 43. Rc6 Bf6 44. Ra6 Be7 45. Be5 Rd5 46. f4 Rd3+ 47. g3 Rd7 48.
Rb6 Ra7 49. Bd4 Rd7 50. Be5 Ra7 51. Rc6 Ra2 52. Rc7 Ke6 53. Rc6+ Kf7 54. Rc7 Ke6 55. Rc6+ Kf7 1/2-1/2

[Event "Early-Titled-Tuesday-Blitz-October-03-2023"]
[Site "Chess.com"]
[Date "2023.10.03"]
[Round "1"]
[White "MMAHDI2013"]
[Black "astralpulse"]
[Result "0-1"]
[WhiteElo "2384"]
[BlackElo "2686"]
[TimeControl "180+1"]
[EndTime "8:07:07 PDT"]
[Termination "astralpulse won on time"]

1. c4 e6 2. Nf3 d5 3. g3 Nf6 4.
Bg2 Be7 5. O-O O-O 6. b3 b6 7. Bb2 Bb7 8. e3 Nbd7 9. Nc3 a6 10. Qe2 c5 11. Nh4 Re8 12. cxd5 exd5 13. d4 cxd4 14. exd4 Ne4 15. Nf5 Bf8 16. Nxe4 dxe4 17. d5 Qg5 18. Ne3 Nc5 19. h4 Qg6 20. Rfd1 Rad8 21. Bh3 Nd3 22. Bf5 Qd6 23. Bd4 g6 24. Bxe4 Rxe4 25. Qxd3 Rde8 26. Bb2 Rxe3 27. Qd4 f6 28. fxe3 Qxg3+ 29. Kh1 Rxe3 30. Rd2 Qf3+ 31. Kg1 Bc5 32. Qxc5 bxc5 33. Rf1 Qg4+ 34. Rg2 Rg3 35. Rxg3 Qxg3+ 0-1

[Event "Early-Titled-Tuesday-Blitz-October-03-2023"]
[Site "Chess.com"]
[Date "2023.10.03"]
[Round "1"]
[White "vugarrasulov"]
[Black "a-z30"]
[Result "1-0"]
[WhiteElo "2949"]
[BlackElo "2504"]
[TimeControl "180+1"]
[EndTime "8:07:09 PDT"]
[Termination "vugarrasulov won on time"]

1. e4 d6 2. d4 Nf6 3. f3 g6 4. c4 Bg7 5. Nc3 O-O 6. Be3 c5 7. Nge2 Nc6 8. Qd2 e6 9. d5 Ne5 10. Ng3 Re8 11. Be2 a6 12. a4 exd5 13. cxd5 h5 14.
O-O h4 15. Nh1 Nh7 16. Nf2 f5 17. Rae1 Bd7 18. Nd3 Nc4 19. Qc1 Nxe3 20. Rf2 Nc4 21.
Nf4 Ne5 22. Qc2 Bh6 23. g3 fxe4 24. Nxe4 Bf5 25. Kh1 Ng5 26. gxh4 Nxe4 27. fxe4 Ng4 28. Bxg4 Bxg4 29. Rg1 Bxf4 30. Rxg4 Be5 31. Rxg6+ Kh7 32. Rg5 Rf8 33. Qe2 Rf6 34. Rff5 Rh6 35. Qg4 Qe7 36.
h5 Rf8 37. Rg6 1-0

[Event "Early-Titled-Tuesday-Blitz-October-03-2023"]
[Site "Chess.com"]
[Date "2023.10.03"]
[Round "1"]
[White "Macron20hTF1"]
[Black "LuisFSiles"]
[Result "1-0"]
[WhiteElo "2616"]
[BlackElo "2286"]
[TimeControl "180+1"]
[EndTime "8:07:09 PDT"]
[Termination "Macron20hTF1 won by resignation"]

1. e4 c5 2. Nf3 Nc6 3. Bc4 e6 4.
O-O a6 5. Re1 Qc7 6. c3 b5 7.
Bf1 Nf6 8. e5 Nd5 9. d4 cxd4 10.
cxd4 d6 11. Nc3 Nxc3 12. bxc3 dxe5 13. dxe5 Be7 14. a4 b4 15. cxb4 Nxb4 16. Ba3 a5 17.
Rc1 Qa7 18. Bb5+ Bd7 19. Bxd7+ Qxd7 20. Qxd7+ Kxd7 21. Red1+ Nd5 22. Bxe7 Kxe7 23. Nd4 Rhc8 24. Kf1 Kd7 25. Nb5 Rxc1 26. Rxc1 Rc8 27. Rxc8 Kxc8 28. Ke2 Nb6 29. Nc3 Kd7 30. Kd3 Kc6 31. Kd4 f6 32. f4 f5 33. h3 g6 34. g4 h6 35.
g5 h5 36. h4 Nd5 37. Nxd5 exd5 38. e6 Kd6 39. e7 Kxe7 40. Kxd5 Kd7 41. Kc5 Kc7 42. Kb5 Kd6 43. Kxa5 Kd5 44. Kb6 Ke4 45. a5 Kxf4 46. a6 Kg3 47. a7 f4 48. a8=Q f3 49.
Kc5 f2 50. Qh1 1-0

[Event "Early-Titled-Tuesday-Blitz-October-03-2023"]
[Site "Chess.com"]
[Date "2023.10.03"]
[Round "1"]
[White "Markov_Mikhail"]
[Black "vladoboch"]
[Result "1-0"]
[WhiteElo "2709"]
[BlackElo "2397"]
[TimeControl "180+1"]
[EndTime "8:07:10 PDT"]
[Termination "Markov_Mikhail won by resignation"]

1. c4 e5 2. Nc3 Bb4 3. Nd5 Be7 4. g3 Nf6 5. Bg2 Nxd5 6. cxd5 d6 7. d4 exd4 8. Qxd4 Bf6 9. Qc4 O-O 10. Nf3 Re8 11. O-O Bd7 12. Qb3 b6 13. Be3 Na6 14. Qc2 Nc5 15. Nd2 g6 16. Rac1 Bf5 17. Qc4 Bxb2 18. Rfe1 Bxc1 19. Rxc1 Rxe3 20. fxe3 Qg5 21. Qd4 Re8 22. e4 Nxe4 23. Bxe4 Rxe4 24. Nxe4 Qxc1+ 25.
Kf2 Bxe4 26. Qxe4 Qc3 27. a4 h5 28. h4 a6 29. Kg2 b5 30. axb5 axb5 31. Qe8+ Kg7 32.
Qxb5 Qe5 33. Qc4 f5 34. Qxc7+ Kh6 35. Qc4 g5 36. hxg5+ Kxg5 37. Kh3 Qe4 38. Qxe4 fxe4 39. e3 Kf5 40. Kh4 Kg6 41. g4 hxg4 42. Kxg4 Kf6 43. Kf4 Ke7 44. Kxe4 Kf6 45. Kf4 Kg6 46. Kf3 Kf5 47. e4+ Ke5 48. Ke3 Kf6 49. Kd4 Ke7 50.
Kc4 Kf6 51. Kb5 Ke5 52. Kc6 Kxe4 53. Kxd6 1-0

[Event "Early-Titled-Tuesday-Blitz-October-03-2023"]
[Site "Chess.com"]
[Date "2023.10.03"]
[Round "1"]
[White "temiksmozg"]
[Black "MajorCoast"]
[Result "1-0"]
[WhiteElo "2608"]
[BlackElo "2270"]
[TimeControl "180+1"]
[EndTime "8:07:11 PDT"]
[Termination "temiksmozg won on time"]

1. d4 Nf6 2. c4 e6 3. Nf3 d5 4.
Nc3 Ne4 5. Bf4 Bb4 6. Qc2 c6 7. Nd2 f5 8. e3 Nd7 9. f3 Nxd2 10. Qxd2 Nf6 11. Rc1 Qa5 12. a3 Bxc3 13. Rxc3 Bd7 14. Be2 dxc4 15. Rxc4 Qxd2+ 16. Kxd2 O-O-O 17. Be5 Be8 18.
b4 Nd5 19. Rhc1 Rg8 20. b5 Nb6 21. R4c2 g5 22. a4 Nd5 23. bxc6 Bxc6 24. Bb5 Nb4 25. Rc4 a5 26. Ke2 Kd7 27. Rc5 f4 28. e4 h5 29.
Bxc6+ 1-0

[Event "Early-Titled-Tuesday-Blitz-October-03-2023"]
[Site "Chess.com"]
[Date "2023.10.03"]
[Round "1"]
[White "ezkybel"]
[Black "ChessLover0108"]
[Result "0-1"]
[WhiteElo "2493"]
[BlackElo "2909"]
[TimeControl "180+1"]
[EndTime "8:07:12 PDT"]
[Termination "ChessLover0108 won by resignation"]

1. b3 a5 2. e3 a4 3. bxa4 Nf6 4. Bb2 e6 5. f4 b6 6. Nf3 Bb7 7. Be2 g6 8. Nc3 Bg7 9. O-O O-O 10. Ne5 Ne4 11.
Nxe4 Bxe4 12. d3 Bb7 13. Bf3 Bxf3 14. Rxf3 Rxa4 15. c4 Ra8 16. Qb3 Na6 17. d4 d6 18.
Nd3 c5 19. d5 Bxb2 20. Qxb2 exd5 21. cxd5 Re8 22. f5 Qg5 23. Re1 c4 24. Nf2 Nc5 25. Rg3 Qh5 26. Qxb6 c3 27. Qxd6 Rac8 28. fxg6 hxg6 29.
Ng4 Ne4 30. Nf6+ Nxf6 31. Qxf6 c2 32. Rh3 c1=Q 33. Qf2 Qe5 34. Qh4 Qxe1+ 35. Qxe1 Qb2 36. Rf3 Rc1 0-1

[Event "Early-Titled-Tuesday-Blitz-October-03-2023"]
[Site "Chess.com"]
[Date "2023.10.03"]
[Round "1"]
[White "NikolaGry"]
[Black "Casper"]
[Result "1-0"]
[WhiteElo "2709"]
[BlackElo "2399"]
[TimeControl "180+1"]
[EndTime "8:07:12 PDT"]
[Termination "NikolaGry won by resignation"]

1. d4 Nf6 2. Bg5 g6 3. Bxf6 exf6 4. e3 Bg7 5. c4 O-O 6. Nc3 f5 7. g3 c5 8. Nge2 cxd4 9. Nxd4 Nc6 10. Ndb5 Ne5 11.
Be2 b6 12. Nd6 Qc7 13. O-O Bb7 14. Nxb7 Qxb7 15. Rc1 Rac8 16. Qd5 Qxd5 17. Nxd5 Rfe8 18. b3 Kf8 19. Rfd1 h5 20. h4 Rc5 21. Rc2 Rec8 22.
Rcd2 Ke8 23. Kg2 R5c6 24. Nb4 R6c7 25. Nd5 Rc6 26. Bf3 b5 27. cxb5 Rc2 28. a4 R8c5 29. b6 axb6 30. Nxb6 Rxd2 31. Rxd2 Rc3 32. Bd5 Ng4 33.
a5 Rc1 34. Ra2 Be5 35. a6 Bb8 36. a7 1-0

[Event "Early-Titled-Tuesday-Blitz-October-03-2023"]
[Site "Chess.com"]
[Date "2023.10.03"]
[Round "1"]
[White "gtnamfrq"]
[Black "Daffidollchess2"]
[Result "1/2-1/2"]
[WhiteElo "2410"]
[BlackElo "2705"]
[TimeControl "180+1"]
[EndTime "8:07:13 PDT"]
[Termination "Game drawn by repetition"]

1. e4 c5 2. Nf3 Nc6 3. d4 cxd4 4.
Nxd4 Qc7 5. Nc3 e6 6. Be2 a6 7.
O-O Nf6 8. Be3 Bb4 9. Na4 O-O 10.
Nxc6 bxc6 11. Nb6 Rb8 12. Nxc8 Rfxc8 13. Bxa6 Re8 14. Bd3 Bd6 15. f4 e5 16. f5 Rxb2 17. g4 h6 18. h4 Rb4 19. c3 Rxe4 20. Bxe4 Nxe4 21. Qd3 Nf6 22. g5 e4 23. Qe2 hxg5 24.
hxg5 Nd5 25. c4 Nxe3 26. Qxe3 Qa5 27. Kg2 Qe5 28. Qh3 Rb8 29. Rae1 Rb2+ 30. Rf2 Rxf2+ 31. Kxf2 Qf4+ 32. Ke2 Bc5 33. Rh1 Qf2+ 34. Kd1 Qd4+ 35. Kc1 Qxc4+ 36. Kb1 Qb4+ 37. Kc2 Qc4+ 38. Kb1 Kf8 39.
f6 Qb5+ 40. Kc1 Qc4+ 41. Kb1 Qb5+ 42. Kc2 Qe2+ 43. Kb1 Qb5+ 1/2-1/2

[Event "Early-Titled-Tuesday-Blitz-October-03-2023"]
[Site "Chess.com"]
[Date "2023.10.03"]
[Round "1"]
[White "AbdulovOrkhan"]
[Black "GM_dmitrij"]
[Result "0-1"]
[WhiteElo "2511"]
[BlackElo "3060"]
[TimeControl "180+1"]
[EndTime "8:07:15 PDT"]
[Termination "GM_dmitrij won on time"]

1. e4 c5 2. Nf3 e6 3. d4 cxd4 4.
Nxd4 Nf6 5. Nc3 Nc6 6. Ndb5 d6 7. Bf4 e5 8. Bg5 a6 9. Na3 b5 10. Nd5 Be7 11. Bxf6 Bxf6 12. c4 b4 13. Nc2 Rb8 14.
Be2 O-O 15. O-O a5 16. Bg4 Be6 17. b3 g6 18. Nxf6+ Qxf6 19. Bxe6 Qxe6 20. Qd3 Nd8 21. Rad1 Nb7 22. Qd5 Rfd8 23. Ne3 Nc5 24. f3 Kg7 25. Rd2 Qxd5 26. Rxd5 Kf6 27. Rfd1 Ke6 28. g4 f6 29. R5d2 a4 30. bxa4 Nxa4 31.
Nd5 Rdc8 32. f4 Nc5 33. f5+ Kf7 34. Re2 gxf5 35. gxf5 Na4 36. Kf2 Rxc4 37. Kf3 Nc3 38. Nxc3 bxc3 39. Rc2 Rd4 40. Re1 Rc8 41. Re3 Rcc4 42.
Rcxc3 Rxe4 43. Rxc4 Rxc4 44. Rd3 e4+ 0-1

[Event "Early-Titled-Tuesday-Blitz-October-03-2023"]
[Site "Chess.com"]
[Date "2023.10.03"]
[Round "1"]
[White "subham777"]
[Black "ferrufino64"]
[Result "1-0"]
[WhiteElo "2554"]
[BlackElo "2192"]
[TimeControl "180+1"]
[EndTime "8:07:15 PDT"]
[Termination "subham777 won by checkmate"]

1. e4 c5 2. Nf3 d6 3. d4 cxd4 4. Qxd4 Nc6 5. Bb5 Bd7 6. Bxc6 Bxc6 7. c4 Nf6 8. Nc3 e6 9. Bg5 Be7 10. O-O Qc7 11. Rac1 O-O 12. Rfd1 Rfd8 13. b4 b6 14. Bh4 Rac8 15. Bg3 Nh5 16. Qd3 Nxg3 17. hxg3 Qb7 18.
Nd4 Be8 19. b5 Rc7 20. Nce2 Rdc8 21. Nb3 a6 22. a4 axb5 23. axb5 Qa8 24. Ra1 Qb7 25.
Ra4 g6 26. Rda1 Rb8 27. Ned4 Qc8 28. f4 Bf6 29. Rd1 Ra8 30. Rda1 Rb8 31. Kh2 h5 32. Rf1 Ra8 33. Rxa8 Qxa8 34. f5 exf5 35. exf5 g5 36. Qe2 Qa4 37. Qxe8+ Kg7 38. Ne6+ fxe6 39. Qg6+ Kf8 40.
Qxf6+ Rf7 41. Qd8+ Kg7 42. Qxg5+ Kf8 43. Qh6+ Ke8 44.
Qxe6+ Kf8 45. Qh6+ Ke8 46. Re1+ Kd8 47. Qxd6+ Rd7 48.
Qb8# 1-0

[Event "Early-Titled-Tuesday-Blitz-October-03-2023"]
[Site "Chess.com"]
[Date "2023.10.03"]
[Round "1"]
[White "ural58"]
[Black "Ergali_Suleimen"]
[Result "0-1"]
[WhiteElo "2519"]
[BlackElo "2253"]
[TimeControl "180+1"]
[EndTime "8:07:17 PDT"]
[Termination "Ergali_Suleimen won by resignation"]

1. e4 c5 2. b3 Nc6 3. Bb2 e5 4. f4 d6 5. Qf3 Nd4 6. Qd3 Nf6 7. Nf3 Nh5 8. fxe5 dxe5 9. Nxe5 Qh4+ 10. g3 Nxg3 11.
hxg3 Qxh1 12. Na3 Bd6 13. Nac4 Bxe5 14. Nxe5 O-O 15. O-O-O Be6 16. Bxd4 cxd4 17. Qxd4 Rfd8 18. Qe3 Qh5 19. d4 a5 20. Be2 Qh2 21. d5 Bd7 22.
Qf3 Qh6+ 23. Kb1 Be8 24. Rh1 Qg5 25. Qf4 Qe7 26. a4 Rac8 27. c4 f6 28. Nf3 Bg6 29.
Nh4 Qxe4+ 30. Qxe4 Bxe4+ 31. Kb2 Bxh1 32. Kc3 Bxd5 33. Nf5 Be6 34. Ne7+ Kf7 35. Nxc8 Rxc8 36. Kd4 b6 37. Bf3 Rc5 38. Bb7 Ke7 39. Ba6 Kd6 40. Kc3 Ke5 41. b4 axb4+ 0-1

[Event "Early-Titled-Tuesday-Blitz-October-03-2023"]
[Site "Chess.com"]
[Date "2023.10.03"]
[Round "1"]
[White "jucAxx"]
[Black "Doomfist26"]
[Result "0-1"]
[WhiteElo "2215"]
[BlackElo "2581"]
[TimeControl "180+1"]
[EndTime "8:07:18 PDT"]
[Termination "Doomfist26 won by resignation"]

1. e4 c5 2. c3 Nf6 3. e5 Nd5 4. d4 cxd4 5. Nf3 Nc6 6. cxd4 d6 7. Bc4 Nb6 8. Bb5 dxe5 9. Bxc6+ bxc6 10. Nxe5 e6 11.
O-O Bd6 12. Qf3 O-O 13. Nxc6 Qc7 14. Ne5 Bb7 15. Qe2 Rac8 16. h3 f6 17. Nf3 Qxc1 18. Qxe6+ Kh8 19. Qxd6 Qxb2 20. Nbd2 Rfd8 21. Qe7 Rd7 22.
Qe6 Bd5 23. Qg4 Rdc7 24. Ne4 Qc2 25. Nc5 Bxa2 26. Rfc1 Qb2 27. Nh4 Bf7 28. Nf5 Bg6 29. h4 Bxf5 30. Qxf5 Qxd4 31. Nb3 Rxc1+ 32. Rxc1 Rxc1+ 33.
Nxc1 Qd1+ 34. Kh2 Qxc1 35. Qe6 Qf4+ 36. g3 Qxf2+ 37. Kh3 Qf1+ 38. Kh2 Qc4 0-1

[Event "Early-Titled-Tuesday-Blitz-October-03-2023"]
[Site "Chess.com"]
[Date "2023.10.03"]
[Round "1"]
[White "biostatistician"]
[Black "brunomorado"]
[Result "1-0"]
[WhiteElo "2632"]
[BlackElo "2331"]
[TimeControl "180+1"]
[EndTime "8:07:19 PDT"]
[Termination "biostatistician won by checkmate"]

1. d4 d5 2. Nf3 Nf6 3. c4 c6 4.
cxd5 cxd5 5. Nc3 Nc6 6. Bf4 a6 7. Rc1 Bf5 8. e3 Rc8 9. Ne5 Qb6 10. Bd3 Bxd3 11. Qxd3 Qxb2 12. O-O Nb4 13. Qe2 Qa3 14. Qd2 Rd8 15. Nb1 Qa4 16. Rc7 Ne4 17. Qb2 f6 18.
Nf3 b5 19. a3 Nd3 20. Qe2 Nxf4 21. exf4 Qa5 22. Rfc1 g6 23. Nbd2 Nxd2 24. Nxd2 Kf7 25. R7c6 Qxa3 26. Qe6+ Kg7 27. Nf3 Rd6 28. Qc8 Rxc6 29.
Qxc6 e6 30. Re1 Kf7 31. Qxe6+ Kg7 32. Qd7+ Kh6 33. g4 Bd6 34. g5+ fxg5 35. fxg5+ Kh5 36. Qh3# 1-0

[Event "Early-Titled-Tuesday-Blitz-October-03-2023"]
[Site "Chess.com"]
[Date "2023.10.03"]
[Round "1"]
[White "CarrotsandPizza"]
[Black "hakanazeri2"]
[Result "0-1"]
[WhiteElo "2275"]
[BlackElo "2611"]
[TimeControl "180+1"]
[EndTime "8:07:19 PDT"]
[Termination "hakanazeri2 won on time"]

1. e4 c5 2. Nf3 e6 3. d4 cxd4 4. Nxd4 Nc6 5. Nxc6 bxc6 6. Nd2 d5 7. Bd3 Bd6 8. O-O Ne7 9. c4 Qc7 10. g3 O-O 11. Qc2 a5 12. exd5 cxd5 13. Bxh7+ Kh8 14. cxd5 Nxd5 15. Qxc7 Bxc7 16. Be4 Bb7 17. Rd1 Rac8 18. Nc4 Rfd8 19. Bg2 a4 20. Bg5 f6 21. Bd2 Ba6 22.
Rac1 Bxg3 23. hxg3 Bxc4 24. Ba5 Re8 25. a3 Kg8 26.
Rd4 Bb3 27. Re1 Kf7 28. Rd2 Rc5 29. Bxd5 Bxd5 30. Bb4 Rc4 31. f4 Rh8 32. Kf2 Rh2+ 33. Kg1 Rh3 34. Kf2 Rh2+ 35. Kg1 Rxd2 36. Bxd2 Rc2 37.
Re2 Rxb2 38. Rf2 Rb3 0-1

[Event "Early-Titled-Tuesday-Blitz-October-03-2023"]
[Site "Chess.com"]
[Date "2023.10.03"]
[Round "1"]
[White "IngOscarArdila"]
[Black "jens1102"]
[Result "1/2-1/2"]
[WhiteElo "2317"]
[BlackElo "2617"]
[TimeControl "180+1"]
[EndTime "8:07:21 PDT"]
[Termination "Game drawn by repetition"]

1. d4 Nf6 2. c4 e6 3. Nc3 d5 4. Bg5 dxc4 5. e3 c5 6. Nf3 cxd4 7.
Nxd4 Bb4 8. Bxc4 O-O 9. O-O Nbd7 10. Ne4 Be7 11. Nxf6+ Bxf6 12. Bxf6 Nxf6 13. Qf3 e5 14. Nf5 e4 15. Qf4 Bxf5 16. Qxf5 Qc8 17. Qxc8 Raxc8 18. Rac1 Rc7 19. Bb3 Rfc8 20. Rxc7 Rxc7 21. Rd1 g6 22. Kf1 Kf8 23. Ke2 Ke7 24. Rd4 Rd7 25. Rxd7+ Nxd7 26. Bd5 Nc5 27. b4 Na4 28. Kd2 f5 29. Bxb7 Kd6 30. f3 exf3 31. gxf3 Ke5 32. Bc6 Nb6 33. Kc3 f4 34. e4 g5 35. h3 h5 36. a4 Nc8 37.
Be8 g4 38. fxg4 hxg4 39. hxg4 Kxe4 40. a5 Nd6 41. Bc6+ Ke3 42. b5 f3 43. Bxf3 Kxf3 44.
b6 axb6 45. axb6 Kxg4 46. Kd4 Kf5 47. Kd5 Nb7 48. Kc6 Na5+ 49. Kb5 Nb7 50. Kc6 Na5+ 51. Kb5 Nb7 52. Kc6 1/2-1/2

[Event "Early-Titled-Tuesday-Blitz-October-03-2023"]
[Site "Chess.com"]
[Date "2023.10.03"]
[Round "1"]
[White "chessprincesa1"]
[Black "OriTaichman"]
[Result "0-1"]
[WhiteElo "2304"]
[BlackElo "2621"]
[TimeControl "180+1"]
[EndTime "8:07:22 PDT"]
[Termination "OriTaichman won by resignation"]

1. d4 Nf6 2. c4 g6 3. g3 Bg7 4. Bg2 O-O 5. Nf3 d6 6. O-O Nc6 7. Nc3 Rb8 8. d5 Na5 9. Nd2 Nd7 10. Qc2 Ne5 11. b3 c6 12. Rb1 b5 13. dxc6 bxc4 14.
Nd5 Naxc6 15. bxc4 Rxb1 16. Qxb1 Nd4 17. Re1 e6 18. Nc3 Ba6 19. e3 Nf5 20. Nb5 Qa5 21. e4 Nxc4 22. exf5 Bxb5 23. Nf3 Ne5 24. Bb2 Nxf3+ 25.
Bxf3 Bxb2 26. fxe6 Bd3 27. Qd1 fxe6 28. Rxe6 Bc4 29.
Rxd6 Qxa2 30. Rd7 Qa1 31. Qxa1 Bxa1 32. Rxa7 Rxf3 33. Rxa1 Bd5 34. Ra7 Rd3 35. f4 Rd2 36. h4 Rg2+ 37. Kf1 Rxg3 38. Rd7 Be4 39. Rd4 Rf3+ 40.
Ke2 Rxf4 41. Ke3 Rxh4 42. Rxe4 Rxe4+ 0-1

[Event "Early-Titled-Tuesday-Blitz-October-03-2023"]
[Site "Chess.com"]
[Date "2023.10.03"]
[Round "1"]
[White "KatakuriDono"]
[Black "JiaHaoxiang"]
[Result "1-0"]
[WhiteElo "2336"]
[BlackElo "2611"]
[TimeControl "180+1"]
[EndTime "8:07:25 PDT"]
[Termination "KatakuriDono won by resignation"]

1. d4 Nf6 2. c4 g6 3. Nc3 Bg7 4. e4 d6 5. Nge2 O-O 6. Ng3 c5 7. d5 Na6 8. Be2 e6 9. O-O exd5 10. exd5 Re8 11. Re1 Nc7 12. Bf4 a6 13. a4 Rb8 14.
Qd2 Bg4 15. Bf1 Bf8 16. h3 Bd7 17. Rxe8 Nfxe8 18. Nge4 b5 19. axb5 axb5 20. Bg5 Be7 21. Bxe7 Qxe7 22. Re1 b4 23. Nd1 Qf8 24. Qf4 Kg7 25.
Ne3 h6 26. Ng4 Bxg4 27. hxg4 Ra8 28. Bd3 Ra6 29. g5 hxg5 30. Nxg5 f5 31. Ne6+ Nxe6 32. Rxe6 Ra1+ 33. Kh2 Qh8+ 34. Kg3 Rh1 35. Qg5 Qh2+ 36.
Kf3 Qh5+ 37. Qxh5 Rxh5 38. Rxe8 Rh4 39. Rd8 Rd4 40. Ke2 Kf7 41. Rxd6 g5 42. Rc6 f4 43.
Rxc5 g4 44. f3 g3 45. Rb5 Ke7 46. Rxb4 Kd6 47. Rb6+ Kc5 48. Rb8 Kd6 49. b4 Ke5 50. Re8+ Kd6 51. c5+ Kxd5 52. Rd8+ Ke5 53. Rxd4 Kxd4 54.
c6 1-0

[Event "Early-Titled-Tuesday-Blitz-October-03-2023"]
[Site "Chess.com"]
[Date "2023.10.03"]
[Round "1"]
[White "Actuary44"]
[Black "KuzubovYuriy"]
[Result "0-1"]
[WhiteElo "2502"]
[BlackElo "2927"]
[TimeControl "180+1"]
[EndTime "8:07:26 PDT"]
[Termination "KuzubovYuriy won by checkmate"]

1. e4 c5 2. d4 cxd4 3. c3 d3 4.
Bxd3 g6 5. f4 Bg7 6. Nf3 d6 7.
O-O Nc6 8. Kh1 Bg4 9. Qe1 Nf6 10.
Be3 O-O 11. Nbd2 e5 12. f5 gxf5 13. exf5 d5 14. Ng1 d4 15. cxd4 Nb4 16. Bb1 exd4 17.
Bg5 Re8 18. Qh4 Nbd5 19. Ne4 d3 20. Bxd3 Kh8 21. h3 Bh5 22. g4 Ne3 23. Bxf6 Qxd3 24.
Bxg7+ Kxg7 25. Qg5+ Bg6 26. f6+ Kh8 27. Qh6 Qxe4+ 28.
Nf3 Rg8 29. Rae1 Rae8 30. Kg1 Qd3 31. Ng5 Ref8 32. Rf3 Nxg4 33. hxg4 Qd4+ 34. Kh2 Qxb2+ 35. Kg1 Qd4+ 36. Kh2 Qd2+ 37. Kh3 Qxe1 38. Rg3 Qh1# 0-1

[Event "Early-Titled-Tuesday-Blitz-October-03-2023"]
[Site "Chess.com"]
[Date "2023.10.03"]
[Round "1"]
[White "maracayo"]
[Black "vasblesk"]
[Result "0-1"]
[WhiteElo "2396"]
[BlackElo "2718"]
[TimeControl "180+1"]
[EndTime "8:07:29 PDT"]
[Termination "vasblesk won by resignation"]

1. e4 c5 2. Nf3 g6 3. d3 Bg7 4. Be2 Nc6 5. O-O e6 6. c3 Nge7 7. Nbd2 O-O 8. Re1 d5 9. Bf1 b6 10. exd5 exd5 11. h3 Bb7 12. Nb3 Qc7 13. Bg5 Nf5 14. g3 Rfe8 15. Rxe8+ Rxe8 16. Bf4 Qd7 17. d4 cxd4 18. Nbxd4 Ncxd4 19. cxd4 Re4 20. Rc1 Qd8 21. Rc7 Bc8 22. Rxa7 Nxd4 23. Ng5 Re7 24. Ra8 Qd7 25. Nf3 Ne6 26. Ba6 Re8 27. Ne5 Bxe5 28. Bxc8 Rxc8 29. Rxc8+ Qxc8 30. Bxe5 Qc5 31. Qf3 f5 32. a4 Ng5 33.
Qe2 Nxh3+ 34. Kg2 Ng5 35. Bc3 Ne4 36. Be5 Qc4 37. Qxc4 dxc4 38. f3 Nc5 39. Bc7 Nxa4 40.
Kf2 b5 41. Be5 Kf7 42. Ke2 Ke6 43. f4 Kd5 44. Kd2 Nc5 45. Kc3 Ne4+ 46. Kb4 Kc6 0-1